 Dungeon Crawl Stone Soup version 0.32-a0-772-g33df2375a9 (webtiles) character file.

Game seed: 11362060646832018491

446 AeshMezareph the Trooper (level 7, -2/74 HPs)
             Began as an Oni Fighter on Mar 19, 2024.
             Was a Follower of the Shining One.
             Slain by a mummy (11 damage)
             ... in an ossuary.
             The game lasted 00:09:19 (3026 turns).

AeshMezareph the Trooper (Oni Fighter)              Turns: 3026, Time: 00:09:20

Health: -2/74      AC:  3    Str: 23    XL:     7   Next: 3%
Magic:  8/8        EV:  8    Int:  9    God:    the Shining One [*.....]
Gold:   150        SH:  7    Dex:  8    Spells: 6/6 levels left

rFire   . . .        a - +0 flail
rCold   . . .        c - +0 kite shield
rNeg    . . .        b - +0 robe
rPois   .            (helmet restricted)
rElec   .            j - scarf {repulsion}
rCorr   .            (gloves unavailable)
SInv    +            (boots unavailable)
Will    .....        (no amulet)
Stlth   +            h - ring of see invisible
HPRegen 0.32/turn    (no ring)
MPRegen 0.11/turn

%: repel missiles
@: glowing
A: large, unfitting armour, horns 1, tough skin 1, double potion healing,
drunken brawling
a: Renounce Religion, Divine Shield


You were in an ossuary.
You worshipped the Shining One.
The Shining One was aware of your devotion.
You visited 1 branch of the dungeon, and saw 4 of its levels.
You also visited: Sewer and Ossuary.

You collected 150 gold pieces.

Inventory:

Hand Weapons
 a - a +0 flail (weapon)
Armour
 b - a +0 robe (worn)
 c - a +0 kite shield (worn)
 j - a scarf of repulsion (worn)
Jewellery
 h - a ring of see invisible (left hand)
 r - a ring of wizardry
Talismans
 i - a storm talisman
Wands
 p - a wand of quicksilver (18)
 u - a wand of warping (4)
Scrolls
 d - a scroll of enchant armour {unknown}
 e - a scroll of identify
 g - a scroll of amnesia
 k - a scroll of teleportation {unknown}
 n - a scroll of immolation {unknown}
 o - a scroll of brand weapon {unknown}
 q - 2 scrolls of blinking {unknown}
 s - a scroll of revelation {unknown}
Potions
 f - 3 potions of lignification
 l - a potion of attraction
 m - 2 potions of magic
 t - a potion of degeneration {unknown}
 v - 2 potions of cancellation {unknown}
 w - a potion of berserk rage {unknown}
 x - a potion of curing


   Skills:
 + Level 5.7 Fighting
 * Level 4.3 Maces & Flails
 + Level 3.9 Dodging
 + Level 3.8 Shields
 + Level 2.4 Invocations


You had 6 spell levels left.
You didn't know any spells.
Your spell library was empty.

Dungeon Overview and Level Annotations

Branches:
Dungeon (4/15)             Temple (0/1) D:4           Sewer (visited)
Ossuary (1/1)

Altars:
Wu Jian
The Shining One

Annotations:
D:3 2 transporters, xsansara's ghost, amateur FeSu


Innate Abilities, Weirdness & Mutations

You are too large for most types of armour.
You have a pair of small horns on your head.
You have tough skin. (AC +1)
You gain doubled healing and magic from potions.
Whenever you drink a healing potion, you attack all around you.


Message History

The mummy is heavily damaged.
The orc zombie hits you but does no damage.
You block the mummy's attack. The mummy hits you.
Unknown command.
You sock the mummy!
You destroy the mummy!
The Shining One accepts your kill. You block the orc zombie's attack.
The mummy hits you!
Unknown command.
You hit the orc zombie but do no damage.
The orc zombie hits you but does no damage.
You block the orc zombie's attack.
Unknown command.
You hit the orc zombie.
The orc zombie is moderately damaged.
You block the orc zombie's attack. The orc zombie closely misses you.
You block the mummy's attack. You block the orc zombie's attack.
Unknown command.
You thump the orc zombie!
You destroy the orc zombie!
The Shining One accepts your kill. The mummy misses you.
You block the orc zombie's attack.
Unknown command.
You hit the orc zombie. You headbutt the orc zombie.
The orc zombie is severely damaged.
The mummy hits you!
* * * LOW HITPOINT WARNING * * *
You block the orc zombie's attack.
Unknown command.
You hit the orc zombie.
You destroy the orc zombie!
The Shining One accepts your kill. The mummy barely misses you.
Unknown command.
You sock the mummy!
The mummy is severely damaged.
The mummy hits you!
* * * LOW HITPOINT WARNING * * *
The mummy hits you!
You die...

#....#
#....#
#....#
#....#
#....#
#....#
#....#
#MM..#
#@∩∩.#
######


You could see 2 mummies.

Vanquished Creatures
  Pargi (Sewer)
  An ogre (D:3)
  A brain worm (Sewer)
  A jelly (Sewer)
  2 mummies (Ossuary)
  3 gnolls (D:3)
  5 adders
  3 ribbon worms
  3 dart slugs
  An orc (D:4)
  7 ball pythons
  5 endoplasms
  5 giant cockroaches
  A gnoll zombie (Ossuary)
  6 hobgoblins
  2 jackals
  2 quokkas
  2 frilled lizards
  2 hobgoblin zombies (Ossuary)
  6 kobolds
  2 kobold zombies (Ossuary)
  3 orc zombies (Ossuary)
  3 rats
67 creatures vanquished.

Notes
Turn   | Place    | Note
-------+----------+-------------------------------------------
     0 | D:1      | AeshMezareph the Oni Fighter began the quest for the Orb.
     0 | D:1      | Reached XP level 1. HP: 24/24 MP: 1/1
   149 | D:1      | Reached XP level 2. HP: 31/32 MP: 2/2
   863 | D:2      | Reached XP level 3. HP: 39/40 MP: 3/3
  1154 | D:3      | Found a faded altar of an unknown god.
  1200 | D:3      | Noticed an ogre
  1265 | D:3      | Found an ornate altar of the Wu Jian Council.
  1266 | D:3      | Found a glowing golden altar of the Shining One.
  1283 | D:3      | Reached XP level 4. HP: 45/49 MP: 4/4
  1304 | D:3      | Became a worshipper of the Shining One
  1414 | D:3      | Found a glowing drain.
  1438 | Sewer    | Entered a sewer
  1464 | Sewer    | Noticed a brain worm
  1467 | Sewer    | Killed a brain worm
  1468 | Sewer    | Reached skill level 5 in Fighting
  1468 | Sewer    | Reached skill level 1 in Invocations
  1468 | Sewer    | Reached XP level 5. HP: 41/57 MP: 2/5
  1530 | Sewer    | Noticed Pargi
  1551 | Sewer    | Killed Pargi
  1552 | Sewer    | Reached XP level 6. HP: 13/66 MP: 5/7
  1900 | Sewer    | Identified the +0 chain mail of the Skies Above {+Blink
                  | Will+ Int-4 Dex+3}
  2606 | D:3      | Found a transporter.
  2607 | D:3      | Noticed xsansara's ghost (amateur FeSu)
  2619 | D:3      | Found a transporter.
  2701 | D:4      | Found a staircase to the Ecumenical Temple.
  2957 | D:4      | Found a sand-covered staircase.
  2965 | Ossuary  | Entered an ossuary
  2994 | Ossuary  | Reached * piety under the Shining One
  3017 | Ossuary  | Reached XP level 7. HP: 43/74 MP: 8/8
  3026 | Ossuary  | Slain by a mummy

Illustrated notes

Levels and vault maps discovered:
D:1:      lemuel_arrival_funnel, layout_basic
D:2:      layout_rooms
D:3:      layout_loops_ring, mainiacjoe_overflow_catch_the_wave,
          nicolae_ecumenical_oubliette, portal_sewer_entry_b,
          gammafunk_ghost_smash
D:4:      layout_layer_cave, nemelex_spade_bored_becter,
          minmay_temple_entry_slanted, nicolae_ossuary_entry_monument
Ossuary:  ossuary_tomb_3

Skill      XL: |  1  2  3  4  5  6 |
---------------+-------------------+-----
Dodging        | 3 |  3.9
Shields        | 3 |  3.8
Fighting       | 5 |  5.7
Maces & Flails | 3 4 |  4.3
Invocations    | 1 2 |  2.4

Action                     |  1- 3 |  4- 6 |  7- 9 || total
---------------------------+-------+-------+-------++-------
  Melee: Flail             |    75 |   132 |    10 ||   217
         Headbutt          |    13 |    23 |     1 ||    37
    Use: Scroll            |       |     5 |       ||     5
         Potion            |       |     2 |       ||     2
 Armour: Robe              |    43 |   104 |     9 ||   156
  Dodge: Dodged            |    22 |    68 |     5 ||    95
         Repelled          |     3 |     1 |       ||     4
  Block: Kite shield       |    27 |    65 |     9 ||   101

Table legend: (Time is in decaauts)
 A = Elapsed time spent in this place.
 B = Non-inter-level travel time spent in this place.
 C = Inter-level travel time spent in this place.
 D = Time resting spent in this place.
 E = Time spent auto-exploring this place.
 F = Levels seen in this place.
 G = Mean time per level.
                   A        B        C        D        E       F      G
               +--------+--------+--------+--------+--------+-----+--------+
         Total |   3103 |   2894 |    209 |    551 |   1402 |   6 |  517.2 |
       Dungeon |   2501 |   2292 |    209 |    224 |   1321 |   4 |  625.2 |
         Sewer |    533 |    533 |      0 |    327 |     81 |   1 |  533.0 |
       Ossuary |     69 |     69 |      0 |      0 |      0 |   1 |   69.0 |
               +--------+--------+--------+--------+--------+-----+--------+

Top non-repeatable levels by time:
     D:3: 1043 daAuts
     D:1: 612 daAuts
     D:2: 553 daAuts
   Sewer: 533 daAuts
     D:4: 292 daAuts
 Ossuary: 69 daAuts
